 Dungeon Crawl Stone Soup version 0.29.0-4-gdea44cf6ec (webtiles) character file.

Game seed: 8352973664875342946

8309 qw the Grappler (level 11, 0/104 HPs)
             Began as a Troll Cinder Acolyte on Aug 31, 2022.
             Was a Follower of Okawaru.
             Slain by a fire elemental (10 damage)
             ... created by the fiery vengeance of Ignis
             ... on level 1 of the Lair of Beasts.
             The game lasted 00:04:49 (8754 turns).

qw the Grappler (Troll Cinder Acolyte)              Turns: 8754, Time: 00:04:49

Health: 0/104      AC:  8    Str: 28    XL:     11   Next: 8%
Magic:  9/11       EV: 10    Int: 10    God:    Okawaru [*.....]
Gold:   579        SH: 10    Dex:  5    Spells: 12/12 levels left

rFire   . . .      SeeInvis .     - Unarmed
rCold   + . .      Faith    .   q - +0 kite shield
rNeg    + . .      Spirit   .   a - +2 robe {rN+}
rPois   +          Reflect  .   m - +2 hat
rElec   .          Harm     .   l - scarf {rC+ rF+}
rCorr   .          Rampage  .   (gloves unavailable)
Will    .....                   (boots unavailable)
Stlth   ++........              (no amulet)
HPRegen 1.07/turn               b - ring of poison resistance
MPRegen 0.12/turn               (no ring)

@: about to teleport, heroic, fire susceptible
A: large, unfitting armour, claws 3, regeneration 1, shaggy fur 1, tough skin 1
a: Renounce Religion, Heroism


You were on level 1 of the Lair of Beasts.
You worshipped Okawaru.
Okawaru was aware of your devotion.
You visited 3 branches of the dungeon, and saw 10 of its levels.

You collected 579 gold pieces.


Innate Abilities, Weirdness & Mutations

You are too large for most types of armour.
You have claws for hands.
Your natural rate of healing is unusually fast.
You are covered in fur. (AC +1)
You have tough skin. (AC +1)


   Skills:
 - Level 5.2(10.2) Fighting
 - Level 2.0(7.0) Throwing
 - Level 2.7(7.7) Dodging
 + Level 8.8(13.8) Shields
 - Level 12.5(17.5) Unarmed Combat
 - Level 1.0 Spellcasting
 - Level 2.1 Fire Magic
 + Level 1.8 Invocations


You had 12 spell levels left.
You didn't know any spells.
Your spell library contained the following spells:

 Spells                   Type           Power      Damage    Failure   Level
 Scorch                   Fire           8%         2d5       34%         2

Inventory:

Armour
 a - a +2 robe of positive energy (worn)
 g - a +0 cloak
 l - a scarf of resistance (worn)
 m - a +2 hat (worn)
 q - a +0 kite shield (worn)
Jewellery
 b - a ring of poison resistance (left claw)
 i - a ring of ice
 j - a ring of fire
Scrolls
 c - 6 scrolls of identify
 h - a scroll of teleportation
 k - a scroll of fear {unknown}
 o - 2 scrolls of enchant armour
Potions
 d - a potion of haste
 e - 2 potions of curing
 f - 6 potions of mutation
 n - a potion of resistance

Dungeon Overview and Level Annotations

Branches:
Dungeon (8/15)             Temple (1/1) D:4            Lair (1/5) D:8

Altars:
Ashenzari
Cheibriados
Dithmenos
Elyvilon
Fedhas
Hepliaklqana
Makhleb
Nemelex Xobeh
Okawaru
Qazlal
Ru
Sif Muna
Uskayaw
Vehumet
Wu Jian
Xom
Yredelemnul
Zin
The Shining One

Shops:
D:2 (   D:4 (


Message History

The fire elemental closely misses you. You block the fire elemental's attack.
The fire elemental barely misses you.
You barely miss the fire elemental.
The fire elemental is severely damaged.
The fire elemental hits you. The fire elemental burns you!
The fire elemental barely misses you. The fire elemental hits you.
The fire elemental burns you!
You closely miss the fire elemental.
The fire elemental is severely damaged.
The fire elemental hits you. The fire elemental burns you!
The fire elemental hits you. The fire elemental burns you!
The fire elemental barely misses you.
8748 ||| INVOKING Heroism.
You gain the combat prowess of a mighty hero.
The fire elemental hits you. The fire elemental burns you!
The fire elemental hits you. The fire elemental burns you!
The fire elemental hits you. The fire elemental burns you!
You miss the fire elemental.
The fire elemental is severely damaged.
You block the fire elemental's attack. x3
You claw the fire elemental!
You destroy the fire elemental!
That felt strangely unrewarding.
You block the fire elemental's attack. The fire elemental barely misses you.
You closely miss the fire elemental. The fire elemental hits you.
The fire elemental burns you! You block the fire elemental's attack.
You closely miss the fire elemental. The fire elemental hits you.
The fire elemental burns you! The fire elemental misses you.
8753 ||| READING 2 scrolls of teleportation.
As you read the scroll of teleportation, it crumbles to dust.
You feel strangely unstable. The fire elemental hits you.
The fire elemental burns you!
You block the fire elemental's attack. x2
You mangle the fire elemental!!
You destroy the fire elemental!
That felt strangely unrewarding.
The fire elemental hits you. The fire elemental burns you!
You die...

.#####.#.###.......###.#P..#..###
.# ###.......^....##.##..#...##
.# #.#.........###.#.....#... .#
##............##.##..P...## .#
#............###.##.###.##. .#
##.............# .#..# #.### .#
##.............###.##.# ..# #
.####....>......#...#P.P#.##...
................@..............
####P.....#.#.###E...#.######.##
#.......##/#..##P.##### ###
##.##.#P##...####.###.########
#.#######...# .#............#
#.######..#.# #..#P###.##.#.# #
##.##........# #.#### ######.###
#.)#...##....###.# #....
#.............##.#### #####


You could see a fire elemental.

Vanquished Creatures
  4 death yaks
  Pikel (D:6)
  Joseph (D:7)
  2 komodo dragons
  A troll (D:6)
  A hornet (Lair:1)
  Sigmund (D:4)
  A wyvern (Lair:1)
  6 yaks (Lair:1)
  6 fire elementals (Lair:1)
  A basilisk (Lair:1)
  3 water moccasins (D:6)
  An orc warrior (D:6)
  A black bear (D:6)
  A sky beast (D:7)
  3 centaurs
  Blork the orc (D:5)
  A kobold brigand (D:8)
  2 bullfrogs
  A necrophage (D:7)
  A gnoll sergeant (D:7)
  5 wights (D:8)
  4 killer bees
  7 gnoll boudas
  A jelly (D:5)
  8 orc priests
  A hound (D:4)
  6 iguanas
  3 orc wizards
  38 gnolls
  6 adders
  8 river rats (D:8)
  3 shadow imps
  5 white imps
  An ufetubus (D:5)
  3 worms
  4 dart slugs
  26 orcs
  2 bats (D:2)
  7 endoplasms
  3 giant cockroaches
  7 hobgoblins
  8 jackals (D:3)
  9 kobolds
  2 quokkas
  10 ball pythons
  8 frilled lizards
  2 goblins (D:2)
  2 quokka zombies (D:7)
  17 rats
246 creatures vanquished.

Vanquished Creatures (others)
  A fungus (Lair:1)
  20 plants (D:7)
21 creatures vanquished.

Grand Total: 267 creatures vanquished

Notes
Turn   | Place    | Note
-------+----------+-------------------------------------------
     0 | D:1      | qw the Troll Cinder Acolyte began the quest for the Orb.
     0 | D:1      | Reached XP level 1. HP: 22/22 MP: 1/1
     0 | D:1      | 0 ||| qw: Version: 0.1-a-97-g2dd2ca4
     0 | D:1      | 0 ||| qw: Game counter: 4651
     0 | D:1      | 0 ||| qw: Always use a shield: true
     0 | D:1      | 0 ||| qw: God list: Okawaru
     0 | D:1      | 0 ||| qw: Allow faded altars: false
     0 | D:1      | 0 ||| qw: Do Orc after D:15 true
     0 | D:1      | 0 ||| qw: Do second Lair branch before Depths: true
     0 | D:1      | 0 ||| qw: Lair rune preference: random
     0 | D:1      | 0 ||| qw: Plans: Normal
     0 | D:1      | 0 ||| PLANNING D:1-11
    28 | D:1      | 28 ||| Stepping ~*~*~tactically~*~*~ (stealth).
    29 | D:1      | 29 ||| Stepping ~*~*~tactically~*~*~ (stealth).
    30 | D:1      | 30 ||| Stepping ~*~*~tactically~*~*~ (stealth).
    46 | D:1      | Found a faded altar of an unknown god.
   483 | D:1      | Reached XP level 2. HP: 29/29 MP: 2/2
   644 | D:1      | 644 ||| Stepping ~*~*~tactically~*~*~ (stealth).
   645 | D:1      | 645 ||| Stepping ~*~*~tactically~*~*~ (stealth).
   716 | D:1      | 716 ||| READING 3 scrolls labelled PONOSA MOAHEI.
   717 | D:1      | 717 ||| READING scroll labelled BESSICWEUFIUSS.
   818 | D:1      | 818 ||| READING scroll labelled LIOCEATWUSM.
   819 | D:1      | 819 ||| READING scroll labelled UTTES PACUM.
   820 | D:1      | 820 ||| READING scroll labelled YDETTO BOBIA.
   823 | D:1      | 823 ||| DRINKING 2 metallic inky potions.
   824 | D:1      | 824 ||| READING 2 scrolls of identify.
   824 | D:1      | 824 ||| IDENTIFYING lumpy dark potion
   897 | D:2      | Reached skill level 4 in Unarmed Combat
   928 | D:2      | 928 ||| Stepping ~*~*~tactically~*~*~ (stealth).
  1016 | D:2      | Reached XP level 3. HP: 36/36 MP: 3/3
  1062 | D:2      | Found Ximnem's Weapon Boutique.
  1080 | D:2      | 1080 ||| Stepping ~*~*~tactically~*~*~ (stealth).
  1193 | D:2      | 1193 ||| Stepping ~*~*~tactically~*~*~ (stealth).
  1194 | D:2      | 1194 ||| Stepping ~*~*~tactically~*~*~ (stealth).
  1455 | D:2      | 1455 ||| UPGRADING to scarf of resistance.
  1460 | D:2      | 1460 ||| READING scroll labelled JAICI SENERO.
  1461 | D:2      | 1461 ||| READING scroll labelled FEMPY VELAI.
  1462 | D:2      | 1462 ||| DRINKING 2 silvery potions.
  1463 | D:2      | 1463 ||| DROPPING potion of flight.
  1464 | D:2      | 1464 ||| Stepping randomly (stuck).
  1465 | D:2      | 1465 ||| Stepping ~*~*~tactically~*~*~ (cloud).
  1525 | D:3      | 1525 ||| Stepping ~*~*~tactically~*~*~ (outnumbered).
  1574 | D:3      | 1574 ||| Stepping ~*~*~tactically~*~*~ (stealth).
  1583 | D:3      | Reached skill level 1 in Throwing
  1600 | D:3      | 1600 ||| INVOKING Fiery Armour.
  1606 | D:3      | Reached XP level 4. HP: 37/44 MP: 4/4
  1608 | D:3      | Reached skill level 5 in Unarmed Combat
  1721 | D:3      | Found a stormy altar of Qazlal.
  1730 | D:3      | 1730 ||| Stepping ~*~*~tactically~*~*~ (stealth).
  1731 | D:3      | 1731 ||| Stepping ~*~*~tactically~*~*~ (stealth).
  1732 | D:3      | 1732 ||| Stepping ~*~*~tactically~*~*~ (stealth).
  1886 | D:3      | 1886 ||| Stepping ~*~*~tactically~*~*~ (stealth).
  1891 | D:3      | Reached XP level 5. HP: 50/50 MP: 5/5
  1899 | D:3      | Found a hide-covered altar of Uskayaw.
  1966 | D:3      | 1966 ||| Stepping ~*~*~tactically~*~*~ (hiding).
  2333 | D:3      | 2333 ||| Stepping ~*~*~tactically~*~*~ (outnumbered).
  2334 | D:3      | 2334 ||| Stepping ~*~*~tactically~*~*~ (hiding).
  2347 | D:3      | Reached skill level 6 in Unarmed Combat
  2423 | D:3      | 2423 ||| Stepping ~*~*~tactically~*~*~ (stealth).
  2424 | D:3      | 2424 ||| Stepping ~*~*~tactically~*~*~ (stealth).
  2427 | D:3      | 2427 ||| Stepping ~*~*~tactically~*~*~ (stealth).
  2472 | D:3      | 2472 ||| Stepping ~*~*~tactically~*~*~ (stealth).
  2475 | D:3      | 2475 ||| Stepping ~*~*~tactically~*~*~ (stealth).
  2481 | D:3      | 2481 ||| FLEEEEING.
  2482 | D:3      | 2482 ||| FLEEEEING.
  2483 | D:3      | 2483 ||| FLEEEEING.
  2484 | D:3      | 2484 ||| FLEEEEING.
  2485 | D:3      | 2485 ||| FLEEEEING.
  2514 | D:3      | 2514 ||| DRINKING 2 metallic golden potions.
  2615 | D:3      | 2615 ||| DRINKING 2 red potions.
  2616 | D:3      | 2616 ||| READING 2 scrolls of identify.
  2616 | D:3      | 2616 ||| IDENTIFYING green potion
  2617 | D:3      | 2617 ||| DROPPING potion of ambrosia.
  2618 | D:3      | 2618 ||| DROPPING potion of degeneration.
  2700 | D:4      | 2700 ||| Stepping ~*~*~tactically~*~*~ (hiding).
  2708 | D:4      | 2708 ||| Stepping ~*~*~tactically~*~*~ (hiding).
  2722 | D:4      | 2722 ||| INVOKING Fiery Armour.
  2729 | D:4      | Reached XP level 6. HP: 59/59 MP: 6/6
  3047 | D:4      | Found a staircase to the Ecumenical Temple.
  3328 | D:4      | Noticed Sigmund
  3346 | D:4      | Killed Sigmund
  3347 | D:4      | Reached skill level 7 in Unarmed Combat
  3347 | D:4      | Reached XP level 7. HP: 40/66 MP: 7/7
  3410 | D:4      | Found Hesaus's Antique Weapon Boutique.
  3418 | D:4      | 3418 ||| Stepping ~*~*~tactically~*~*~ (stealth).
  3419 | D:4      | 3419 ||| Stepping ~*~*~tactically~*~*~ (stealth).
  3420 | D:4      | 3420 ||| Stepping ~*~*~tactically~*~*~ (stealth).
  3431 | D:4      | 3431 ||| DRINKING 3 potions of curing.
  3431 | D:4      | 3431 ||| (to cure confusion)
  3827 | D:4      | 3827 ||| UPGRADING to amulet of guardian spirit.
  3832 | D:4      | 3832 ||| DRINKING 2 glowing coppery potions.
  3833 | D:4      | 3833 ||| DRINKING 2 cyan potions.
  3834 | D:4      | 3834 ||| READING 3 scrolls of identify.
  3834 | D:4      | 3834 ||| IDENTIFYING fuming brown potion
  3835 | D:4      | 3835 ||| READING 2 scrolls of identify.
  3835 | D:4      | 3835 ||| IDENTIFYING fizzy silvery potion
  3836 | D:4      | 3836 ||| DROPPING potion of magic.
  3837 | D:4      | 3837 ||| DROPPING potion of brilliance.
  3870 | D:5      | Entered Level 5 of the Dungeon
  3878 | D:5      | 3878 ||| Stepping ~*~*~tactically~*~*~ (hiding).
  3888 | D:5      | Noticed Blork the orc
  3889 | D:5      | 3889 ||| INVOKING Fiery Armour.
  3896 | D:5      | Reached skill level 8 in Unarmed Combat
  3900 | D:5      | 3900 ||| Stepping ~*~*~tactically~*~*~ (outnumbered).
  3901 | D:5      | 3901 ||| Stepping ~*~*~tactically~*~*~ (outnumbered).
  3901 | D:5      | HP: 16/66 [Blork the orc/puff of flame (2)]
  3902 | D:5      | 3902 ||| READING 2 scrolls of teleportation.
  3903 | D:5      | 3903 ||| DRINKING potion of heal wounds.
  3906 | D:5      | Killed Blork the orc
  3907 | D:5      | Reached skill level 3 in Fighting
  3914 | D:5      | 3914 ||| Stepping ~*~*~tactically~*~*~ (outnumbered).
  3915 | D:5      | 3915 ||| Stepping ~*~*~tactically~*~*~ (outnumbered).
  4023 | D:5      | 4023 ||| Stepping ~*~*~tactically~*~*~ (stealth).
  4060 | D:5      | 4060 ||| Stepping ~*~*~tactically~*~*~ (outnumbered).
  4061 | D:5      | 4061 ||| Stepping ~*~*~tactically~*~*~ (outnumbered).
  4062 | D:5      | 4062 ||| Stepping ~*~*~tactically~*~*~ (outnumbered).
  4063 | D:5      | 4063 ||| Stepping ~*~*~tactically~*~*~ (outnumbered).
  4064 | D:5      | 4064 ||| Stepping ~*~*~tactically~*~*~ (outnumbered).
  4065 | D:5      | 4065 ||| Stepping ~*~*~tactically~*~*~ (outnumbered).
  4066 | D:5      | 4066 ||| Stepping ~*~*~tactically~*~*~ (outnumbered).
  4068 | D:5      | 4068 ||| Stepping ~*~*~tactically~*~*~ (hiding).
  4073 | D:5      | 4073 ||| INVOKING Fiery Armour.
  4138 | D:5      | 4138 ||| Stepping ~*~*~tactically~*~*~ (hiding).
  4139 | D:5      | 4139 ||| Stepping ~*~*~tactically~*~*~ (hiding).
  4335 | D:5      | Reached skill level 9 in Unarmed Combat
  4335 | D:5      | Reached XP level 8. HP: 51/75 MP: 4/8
  4424 | D:5      | 4424 ||| Stepping ~*~*~tactically~*~*~ (hiding).
  4649 | D:5      | 4649 ||| READING 3 scrolls of identify.
  4649 | D:5      | 4649 ||| IDENTIFYING fuming dark potion
  4650 | D:5      | 4650 ||| DROPPING potion of attraction.
  4675 | D:6      | Noticed a troll
  4676 | D:6      | 4676 ||| INVOKING Fiery Armour.
  4683 | D:6      | Killed a troll
  4719 | D:6      | 4719 ||| Stepping ~*~*~tactically~*~*~ (stealth).
  4794 | D:6      | Identified the +4 dagger "Davvid" {freeze, *Rage rPois
                  | Str-3 Dex+6}
  4837 | D:6      | 4837 ||| Stepping ~*~*~tactically~*~*~ (stealth).
  4851 | D:6      | Reached skill level 10 in Unarmed Combat
  4864 | D:6      | 4864 ||| FLEEEEING.
  4949 | D:6      | Found a glowing silver altar of Zin.
  4976 | D:6      | 4976 ||| Stepping ~*~*~tactically~*~*~ (hiding).
  4980 | D:6      | 4980 ||| INVOKING Fiery Armour.
  4982 | D:6      | 4982 ||| Stepping ~*~*~tactically~*~*~ (outnumbered).
  4983 | D:6      | 4983 ||| Stepping ~*~*~tactically~*~*~ (outnumbered).
  5133 | D:6      | 5133 ||| Stepping ~*~*~tactically~*~*~ (outnumbered).
  5134 | D:6      | 5134 ||| Stepping ~*~*~tactically~*~*~ (outnumbered).
  5135 | D:6      | 5135 ||| Stepping ~*~*~tactically~*~*~ (outnumbered).
  5136 | D:6      | 5136 ||| Stepping ~*~*~tactically~*~*~ (outnumbered).
  5137 | D:6      | 5137 ||| Stepping ~*~*~tactically~*~*~ (outnumbered).
  5145 | D:6      | 5145 ||| Stepping ~*~*~tactically~*~*~ (outnumbered).
  5149 | D:6      | 5149 ||| Stepping ~*~*~tactically~*~*~ (outnumbered).
  5154 | D:6      | 5154 ||| INVOKING Fiery Armour.
  5212 | D:6      | Noticed Pikel
  5214 | D:6      | 5214 ||| Stepping ~*~*~tactically~*~*~ (stealth).
  5217 | D:6      | 5217 ||| Stepping ~*~*~tactically~*~*~ (stealth).
  5226 | D:6      | Killed Pikel
  5227 | D:6      | Reached XP level 9. HP: 64/84 MP: 6/9
  5283 | D:6      | 5283 ||| Stepping ~*~*~tactically~*~*~ (hiding).
  5289 | D:6      | Reached skill level 11 in Unarmed Combat
  5560 | D:6      | 5560 ||| UPGRADING to +2 robe.
  5570 | D:6      | 5570 ||| DROPPING +0 robe.
  5571 | D:6      | 5571 ||| DROPPING +6 ring of intelligence.
  5572 | D:6      | 5572 ||| READING scroll labelled YROPHO ISHRETIU.
  5573 | D:6      | 5573 ||| READING scroll labelled SIOWYBR CO YPA.
  5599 | D:7      | 5599 ||| PLANNING OSSUARY
  5607 | D:7      | 5607 ||| Stepping ~*~*~tactically~*~*~ (hiding).
  5776 | D:7      | Identified the +5 dagger of the Growing Fool {vamp, rN+
                  | Str+2 Dex+6}
  5777 | D:7      | Noticed Joseph
  5778 | D:7      | 5778 ||| Stepping ~*~*~tactically~*~*~ (hiding).
  5793 | D:7      | Killed Joseph
  5794 | D:7      | Reached skill level 12 in Unarmed Combat
  5797 | D:7      | 5797 ||| INVOKING Fiery Armour.
  5912 | D:7      | 5912 ||| Stepping ~*~*~tactically~*~*~ (hiding).
  5916 | D:7      | 5916 ||| Stepping ~*~*~tactically~*~*~ (outnumbered).
  5928 | D:7      | Noticed a komodo dragon
  5931 | D:7      | 5931 ||| INVOKING Fiery Armour.
  5935 | D:7      | 5935 ||| Stepping ~*~*~tactically~*~*~ (outnumbered).
  5938 | D:7      | Killed a komodo dragon
  5960 | D:7      | 5960 ||| FLEEEEING.
  5961 | D:7      | 5961 ||| FLEEEEING.
  5962 | D:7      | 5962 ||| FLEEEEING.
  5976 | D:7      | 5976 ||| FLEEEEING.
  5977 | D:7      | 5977 ||| FLEEEEING.
  5978 | D:7      | 5978 ||| FLEEEEING.
  5979 | D:7      | 5979 ||| FLEEEEING.
  6001 | D:7      | Found a glowing golden altar of the Shining One.
  6067 | D:7      | Found a white marble altar of Elyvilon.
  6224 | D:7      | 6224 ||| Stepping ~*~*~tactically~*~*~ (hiding).
  6226 | D:7      | 6226 ||| Stepping ~*~*~tactically~*~*~ (hiding).
  6234 | D:7      | 6234 ||| Stepping ~*~*~tactically~*~*~ (outnumbered).
  6240 | D:7      | 6240 ||| INVOKING Fiery Armour.
  6292 | D:7      | 6292 ||| RIP OSSUARY
  6294 | D:7      | 6294 ||| PLANNING D:1-11
  6361 | D:7      | 6361 ||| Stepping ~*~*~tactically~*~*~ (stealth).
  6363 | D:7      | 6363 ||| Stepping ~*~*~tactically~*~*~ (stealth).
  6367 | D:7      | 6367 ||| Stepping ~*~*~tactically~*~*~ (stealth).
  6370 | D:7      | 6370 ||| Stepping ~*~*~tactically~*~*~ (stealth).
  6386 | D:7      | 6386 ||| Stepping ~*~*~tactically~*~*~ (hiding).
  6783 | D:7      | 6783 ||| UPGRADING to +2 robe of positive energy.
  6793 | D:7      | 6793 ||| DROPPING +2 robe.
  6794 | D:7      | 6794 ||| UPGRADING to +0 kite shield.
  6799 | D:7      | 6799 ||| READING scroll labelled LOOFAA WOCE.
  6800 | D:7      | 6800 ||| READING 2 scrolls labelled JIMNAS HONK.
  6801 | D:7      | 6801 ||| READING scroll labelled YLON DOKHEVOSH.
  6802 | D:7      | 6802 ||| READING scroll labelled AMEIVE POIZUOS.
  6803 | D:7      | 6803 ||| DROPPING scroll of noise.
  6818 | D:8      | Noticed a death yak
  6819 | D:8      | 6819 ||| INVOKING Fiery Armour.
  6825 | D:8      | Noticed a death yak
  6826 | D:8      | 6826 ||| STAIRDANCE
  6830 | D:7      | Killed a death yak
  6831 | D:7      | Reached skill level 3 in Shields
  6831 | D:7      | Reached XP level 10. HP: 83/96 MP: 7/10
  6853 | D:8      | Noticed a death yak
  6854 | D:8      | 6854 ||| STAIRDANCE
  6862 | D:7      | Killed a death yak
  6886 | D:8      | Noticed a death yak
  6887 | D:8      | 6887 ||| STAIRDANCE
  6895 | D:7      | Killed a death yak
  6948 | D:8      | 6948 ||| INVOKING Fiery Armour.
  6957 | D:8      | Killed a death yak
  6958 | D:8      | Reached skill level 6 in Shields
  6958 | D:8      | 6958 ||| STAIRDANCE
  6989 | D:8      | Found a staircase to the Lair.
  7061 | D:8      | 7061 ||| Stepping ~*~*~tactically~*~*~ (stealth).
  7075 | D:8      | 7075 ||| Stepping ~*~*~tactically~*~*~ (stealth).
  7124 | D:8      | 7124 ||| Stepping ~*~*~tactically~*~*~ (outnumbered).
  7125 | D:8      | 7125 ||| STAIRDANCE
  7151 | D:7      | 7151 ||| UPGRADING to ring of poison resistance.
  7154 | D:8      | 7154 ||| STAIRDANCE
  7161 | D:7      | HP: 24/96 [killer bee (6)]
  7162 | D:7      | 7162 ||| READING 2 scrolls of teleportation.
  7166 | D:7      | HP: 14/96 [killer bee (6)]
  7414 | D:8      | 7414 ||| Stepping ~*~*~tactically~*~*~ (stealth).
  7742 | D:8      | 7742 ||| PLANNING TEMPLE
  7742 | D:8      | 7742 ||| UPGRADING to +1 hat.
  7747 | D:8      | 7747 ||| READING 2 scrolls of enchant armour.
  7747 | D:8      | 7747 ||| ENCHANTING +1 hat.
  7748 | D:8      | 7748 ||| DROPPING ring of flight.
  7749 | D:8      | 7749 ||| READING scroll labelled NAGGUN PI IZEK.
  7750 | D:8      | 7750 ||| READING 7 scrolls of identify.
  7750 | D:8      | 7750 ||| IDENTIFYING glowing yellow potion
  7751 | D:8      | 7751 ||| DROPPING potion of berserk rage.
  7842 | Temple   | Entered the Ecumenical Temple
  7906 | Temple   | 7906 ||| PLANNING CONVERSION TO OKAWARU
  7913 | Temple   | Fell from the grace of Ignis
  7913 | Temple   | Became a worshipper of Warmaster Okawaru
  7914 | Temple   | 7914 ||| PLANNING LAIR
  7914 | Temple   | 7914 ||| REMOVING amulet of guardian spirit.
  7919 | Temple   | 7919 ||| DROPPING amulet of guardian spirit.
  8022 | Lair:1   | Entered Level 1 of the Lair of Beasts
  8156 | Lair:1   | Reached * piety under Okawaru
  8157 | Lair:1   | 8157 ||| INVOKING Heroism.
  8167 | Lair:1   | Reached XP level 11. HP: 66/104 MP: 9/11
  8317 | Lair:1   | 8317 ||| Stepping ~*~*~tactically~*~*~ (hiding).
  8363 | Lair:1   | Reached skill level 1 in Invocations
  8386 | Lair:1   | 8386 ||| INVOKING Heroism.
  8742 | Lair:1   | 8742 ||| Stepping ~*~*~tactically~*~*~ (outnumbered).
  8748 | Lair:1   | 8748 ||| INVOKING Heroism.
  8752 | Lair:1   | HP: 19/104 [fire elemental[the fiery vengeance of Ignis]
                  | (10)]
  8753 | Lair:1   | 8753 ||| READING 2 scrolls of teleportation.
  8753 | Lair:1   | HP: 9/104 [fire elemental[the fiery vengeance of Ignis]
                  | (11)]
  8754 | Lair:1   | Slain by a fire elemental

Levels and vault maps discovered:
D:1:      ncdulo_watergridlock, layout_loops_ring, basic_ecumenical_altar,
          dk_noncrumbling_2
D:2:      layout_loops_ring, serial_shops, nicolae_shop_bloodbath_and_beyond
D:3:      layout_basic, mainiacjoe_overflow_alcove_1, lemuel_doored_altar,
          chequers_jeans
D:4:      layout_layer_cave, minmay_temple_entry_glass, serial_shops,
          nicolae_shop_stone, minmay_cupped, uniq_sigmund
D:5:      layout_rooms, kennysheep_decorative_pillar, uniq_blork_the_orc
D:6:      layout_rooms, marbit_many_paths, wad_rectangle_vault, uniq_pikel
D:7:      layout_basic, tso_oasis_becter, elyvilon_altar_1, enter_ossuary_4,
          serial_bayou_ford_a, minivault_24, minmay_lizard_king, uniq_joseph
D:8:      layout_rooms, dpeg_lair_monsters, dk_rats_in_the_wall
Temple:   compressed_dpeg_circular_temple
Lair:1:   layout_loops_ring

Skill      XL: |  1  2  3  4  5  6  7  8  9 10 11 |
---------------+----------------------------------+-----
Unarmed Combat | 4 5 6 7 9 10 12 | 12.5
Throwing       | 1 2 |  2.0
Fighting       | 3 4 5 |  5.2
Dodging        | 2 |  2.7
Shields        | 3 8 |  8.8
Invocations    | 1 |  1.8
Spellcasting   | |  1.0
Fire Magic     | |  2.1

Action                   |  1- 3 |  4- 6 |  7- 9 | 10-12 || total
-------------------------+-------+-------+-------+-------++-------
Melee: Unarmed           |   102 |   109 |   283 |   205 ||   699
       Punch             |     2 |     2 |    13 |       ||    17
Throw: Large rock        |    10 |    22 |     2 |       ||    34
Invok: Fiery Armour      |     1 |     1 |     9 |     1 ||    12
       Heroism           |       |       |       |     3 ||     3
  Use: Scroll            |     8 |     1 |    10 |     5 ||    24
       Potion            |     2 |     2 |     4 |       ||     8
Armor: Robe              |    34 |    23 |    82 |    59 ||   198
Dodge: Dodged            |    37 |    34 |   119 |    57 ||   247
Block: Kite shield       |       |       |     2 |    65 ||    67

Table legend:
 A = Non-vault XP
 B = Vault XP
 C = Vault XP percentage of total XP
 D = Non-vault monster count
 E = Vault monster count
 F = Vault count percentage of total count
                 A         B        C        D         E       F
            +---------+---------+-------+---------+---------+-------
      Total |    6269 |    5602 |  47.2 |     191 |      49 |  20.4
            +---------+---------+-------+---------+---------+-------
        D:1 |      14 |       0 |   0.0 |       9 |       0 |   0.0
        D:2 |      58 |       0 |   0.0 |      17 |       0 |   0.0
        D:3 |     253 |       0 |   0.0 |      36 |       0 |   0.0
        D:4 |     245 |     260 |  51.5 |      21 |       4 |  16.0
        D:5 |     556 |      96 |  14.7 |      25 |       1 |   3.8
        D:6 |    1164 |     990 |  46.0 |      23 |       8 |  25.8
        D:7 |     782 |    3334 |  81.0 |      29 |      14 |  32.6
        D:8 |     845 |     922 |  52.2 |      20 |      22 |  52.4
     Lair:1 |    2352 |       0 |   0.0 |      11 |       0 |   0.0
            +---------+---------+-------+---------+---------+-------
